 Dungeon Crawl Stone Soup version 0.22.1-1-ga44c0e5 (webtiles) character file.

5102 Monsterracer the Martial Artist (level 10, -12/60 HPs)
             Began as a Tengu Assassin on Sept 27, 2018.
             Was a High Priest of Cheibriados.
             Mangled by an orc warlord
             ... wielding a +4 war axe
              (24 damage)
             ... in a bailey.
             The game lasted 00:16:13 (9751 turns).

Monsterracer the Martial Artist (Tengu Assassin)    Turns: 9751, Time: 00:16:14

Health: -12/60     AC: 17    Str: 25    XL:     10   Next: 57%
Magic:  9/14       EV: 17    Int: 27    God:    Cheibriados [*****.]
Gold:   292        SH:  0    Dex: 34    Spells: 9/9 levels left

rFire    + . .     SeeInvis +     - Unarmed
rCold    + . .     Gourm    .   (no shield)
rNeg     . . .     Faith    .   k - +2 scale mail of the Bagpipe {rF+ rC+ Int-2 Dex+4}
rPois    .         Spirit   .   n - +2 hat
rElec    .         Reflect  .   x - +2 cloak
rCorr    .         Harm     .   d - +1 pair of gloves
MR       .....                  (boots unavailable)
Stlth    ++........             (no amulet)
HPRegen  0.20/turn              a - ring of see invisible
MPRegen  0.14/turn              w - ring "Ycla" {+Inv +Fly Int+5 Dex+4}

@: very slightly contaminated, invisible, very slow
A: beak, talons 3, able to fly 1
a: Fly, Bend Time, Temporal Distortion, Slouch, Step From Time, Renounce
Religion, Evoke Flight


You were in a bailey.
You worshipped Cheibriados.
Cheibriados was extremely pleased with you.
You were not hungry.

You visited 1 branch of the dungeon, and saw 8 of its levels.
You also visited: Bailey.

You collected 564 gold pieces.
You spent 272 gold pieces at shops.

Inventory:

Missiles
 h - a throwing net
 y - 40 tomahawks of returning (quivered)
Armour
 b - the +1 pair of boots "Pothics" {rN+ MR+ rCorr, unknown}
   (You found it on level 7 of the Dungeon)

   It protects you from negative energy.
   It affects your resistance to hostile enchantments.
   It provides partial protection from all sources of acid and corrosion.
 d - a +1 pair of gloves (worn)
 k - the +2 scale mail of the Bagpipe (worn) {rF+ rC+ Int-2 Dex+4}
   (You found it on level 4 of the Dungeon)

   It affects your intelligence (-2).
   It affects your dexterity (+4).
   It protects you from fire.
   It protects you from cold.
 n - a +2 hat (worn)
 x - a +2 cloak (worn)
Jewellery
 a - a ring of see invisible (left hand)
 j - an uncursed ring of ice
 w - the ring "Ycla" (right hand) {+Inv +Fly Int+5 Dex+4}
   (You found it on level 5 of the Dungeon)

   [ring of intelligence]

   It affects your intelligence (+5).
   It affects your dexterity (+4).
   It lets you turn invisible.
   It lets you fly.
Wands
 f - a wand of flame (27)
 o - a wand of disintegration (13)
Scrolls
 e - a scroll of amnesia
 l - 3 scrolls of blinking
 q - 2 scrolls of remove curse
 t - 4 scrolls of teleportation {!r}
Potions
 g - 2 potions of agility
 i - 4 potions of lignification
 m - a potion of might {unknown}
 r - 2 potions of degeneration
 s - 2 potions of curing
 u - 2 potions of mutation {!q}
 v - 5 potions of heal wounds
 z - a potion of resistance {unknown}
Comestibles
 c - 15 rations


   Skills:
 + Level 5.8 Fighting
   Level 2.1 Short Blades
 - Level 2.0 Throwing
 + Level 5.8 Armour
 + Level 6.0 Dodging
 - Level 4.0 Stealth
 * Level 10.6 Unarmed Combat
 + Level 4.5 Invocations
 + Level 4.1 Evocations


You had 9 spell levels left.
You didn't know any spells.
Your spell library was empty.

Dungeon Overview and Level Annotations

Branches:
Dungeon (8/15)             Temple (0/1) D:5
   Lair: D:8-11

Altars:
Cheibriados
Dithmenos
Qazlal
Ru
Sif Muna
Uskayaw
The Shining One

Shops:
D:5 [


Innate Abilities, Weirdness & Mutations

You have a beak for a mouth.
You have claws for feet.
You can fly.


Message History

The goblin misses you.
You take 13 damage, and have 23/60 hp.
MASSIVE DAMAGE!!
Unknown command.
The orc warlord closely misses you. The goblin hits you but does no damage.
Your surroundings suddenly seem different.
Found a scroll of identify, a scroll of blinking and 7 gold pieces.
A - a scroll of identify
l - 3 scrolls of blinking (gained 1)
You now have 255 gold pieces (gained 7).
You are feeling hungry.
There is an open door here.
You close the door.
Eat one of 3 chunks of flesh? (ye/n/q)
You eat one of the 3 chunks of flesh.
This raw flesh tastes terrible.
As you read the scroll of identify, it crumbles to dust.
u - 2 potions of mutation You start resting.
The kobold is too close now for your liking.
You regained 2 hp, and now have 32/60 hp.
The kobold shouts!
The kobold misses you.
You pummel the kobold!!
You kill the kobold!
Cheibriados appreciates the change of pace.
y - 40 tomahawks of returning (gained 3)
g - 2 potions of agility (gained 1)
You now have 292 gold pieces (gained 37).
You start resting.
All of the chunks of flesh in your inventory have rotted away.
Your magical contamination has completely faded away.
You regained 17 hp, and now have 51/60 hp.
You start resting.
An orc warlord opens the door.
It is wielding an enchanted war axe.
You regained 2 hp, and now have 53/60 hp.
The orc warlord shouts!
You fade into invisibility!
You are very lightly contaminated with residual magic.
You feel quite a bit more hungry.
You now have 12/14 mp.
The orc warlord closely misses you. The orc warlord barely misses you.
You hit the orc warlord but do no damage.
You claw the orc warlord! You peck the orc warlord.
The orc warlord is lightly wounded.
You catch the helpless orc warlord completely off-guard!
You hit the orc warlord but do no damage.
You claw the orc warlord, but do no damage.
You peck the orc warlord, but do no damage.
The orc warlord is lightly wounded.
The orc warlord barely misses you.
You hit the orc warlord but do no damage.
Your kick misses the orc warlord. Your peck misses the orc warlord.
The orc warlord is lightly wounded.
The orc warlord hits you with an enchanted war axe!!
* * * LOW HITPOINT WARNING * * *
You take 28 damage, and have 27/60 hp.
MASSIVE DAMAGE!!
You punch the orc warlord! Your kick misses the orc warlord.
The orc warlord is moderately wounded.
You catch the helpless orc warlord completely off-guard!
You hit the orc warlord but do no damage.
Your kick misses the orc warlord.
You peck the orc warlord, but do no damage.
The orc warlord is moderately wounded.
The orc warlord misses you.
You can feel time thicken for a moment.
You feel somewhat more hungry.
Cheibriados lowers the support of your attributes as your movement quickens.
The orc warlord hits you with an enchanted war axe.
* * * LOW HITPOINT WARNING * * *
You take 3 damage, and have 24/60 hp.
You now have 8/14 mp.
You punch the orc warlord! You claw the orc warlord.
You peck the orc warlord, but do no damage.
The orc warlord is severely wounded.
The orc warlord closely misses you.
You barely miss the orc warlord.
You claw the orc warlord, but do no damage.
The orc warlord is severely wounded.
You hit the orc warlord but do no damage.
You claw the orc warlord, but do no damage.
The orc warlord is severely wounded.
The orc warlord hits you with an enchanted war axe!
* * * LOW HITPOINT WARNING * * *
You take 13 damage, and have 12/60 hp.
MASSIVE DAMAGE!!
You punch the orc warlord!
You claw the orc warlord, but do no damage.
You peck the orc warlord, but do no damage.
The orc warlord is severely wounded.
The orc warlord misses you.
You catch the helpless orc warlord completely off-guard!
You punch the orc warlord! You claw the orc warlord.
The orc warlord is severely wounded.
You hit the orc warlord.
You claw the orc warlord, but do no damage.
You punch the orc warlord, but do no damage.
The orc warlord is severely wounded.
The orc warlord barely misses you.
You hit the orc warlord but do no damage.
You claw the orc warlord.
You peck the orc warlord, but do no damage.
The orc warlord is almost dead.
The orc warlord hits you with an enchanted war axe!!
You die...

......................#
8......#'')#......8...#
....####≈≈≈####......##
....#≈≈≈≈≈≈≈≈≈#.....##♣
....#≈.8...8o≈#....##.♣
##'###.......###'###..♣♣
≈≈.#≈≈.8...8.≈≈#.≈≈≈...♣
≈≈.#≈.........≈#o≈≈≈...♣♣
≈≈.#≈....∩....≈#@≈≈≈...∩♣
≈≈.##...og....##.≈≈≈...♣♣
≈≈)#≈..8...8..≈#.≈≈≈...♣
##)#≈.........≈#'###..♣♣
...#≈:!8...8!:≈#...##.♣
...##≈≈#####≈≈##....##♣
....####.K.####......##
......................#
..8.............8..8..#


You could see an orc warlord.

Vanquished Creatures
  An orc knight (Bailey)
  Grinder (D:5)
  Prince Ribbit (D:5)
  2 hippogriffs (D:7)
  A wyvern (D:8)
  2 orc warriors
  Duvessa (D:5)
  3 sky beasts (D:6)
  A black bear (D:6)
  4 phantoms
  5 ogres
  4 centaurs
  2 big kobolds (D:8)
  2 bullfrogs
  Dowan (D:5)
  A scorpion (D:5)
  6 wights (D:8)
  3 crimson imps (D:5)
  A quasit (D:8)
  A centaur zombie (D:6)
  2 orc priests
  2 bullfrog zombies (D:6)
  6 hounds
  A jelly (D:5)
  Crazy Yiuf (D:4)
  7 orc wizards
  Natasha (thrice) (D:2)
  3 iguanas
  4 worker ants
  A hound skeleton (D:8)
  A howler monkey skeleton (D:5)
  A howler monkey zombie (D:7)
  11 gnolls
  10 adders
  3 shadow imps (D:7)
  An ooze (D:2)
  An adder zombie (D:8)
  2 adder skeletons
  2 worms
  2 leopard geckos
  38 orcs
  9 giant cockroaches
  13 goblins
  6 hobgoblins
  2 jackals (D:2)
  9 quokkas
  2 ball pythons
  7 bats
  5 frilled lizards
  35 kobolds
  2 leopard gecko zombies
  A quokka skeleton (D:4)
  7 rats
243 creatures vanquished.

Notes
Turn   | Place    | Note
-------+----------+-------------------------------------------
     0 | D:1      | Monsterracer the Tengu Assassin began the quest for the
                  | Orb.
     0 | D:1      | Reached XP level 1. HP: 12/12 MP: 2/2
   184 | D:1      | HP: 6/12 [kobold (2)]
   190 | D:1      | Reached skill level 1 in Unarmed Combat
   396 | D:1      | HP: 5/12 [kobold/club (7)]
   397 | D:1      | Reached XP level 2. HP: 8/17 MP: 3/3
   605 | D:1      | Reached skill level 2 in Unarmed Combat
  1155 | D:2      | Noticed Natasha
  1156 | D:2      | Reached XP level 3. HP: 19/21 MP: 4/4
  1169 | D:1      | Reached skill level 3 in Unarmed Combat
  1170 | D:1      | HP: 10/21 [poisoned by an adder]
  1176 | D:1      | HP: 6/21 [poisoned by an adder]
  1182 | D:1      | HP: 4/21 [poisoned by an adder]
  1190 | D:1      | HP: 3/21 [poisoned by an adder]
  1554 | D:2      | Found a sacrificial altar of Ru.
  1761 | D:2      | You fall through a shaft for 2 floors!
  1819 | D:4      | Reached skill level 4 in Unarmed Combat
  1819 | D:4      | Reached XP level 4. HP: 26/26 MP: 5/5
  1827 | D:4      | Got a smoking scale mail
  1851 | D:4      | Identified the +2 scale mail of the Bagpipe {rF+ rC+ Int-2
                  | Dex+4} (You found it on level 4 of the Dungeon)
  1919 | D:4      | Gained mutation: You can fly. [Tengu growth]
  1919 | D:4      | Reached XP level 5. HP: 30/30 MP: 6/6
  1921 | D:4      | Reached skill level 5 in Unarmed Combat
  2065 | D:4      | HP: 15/30 [poisoned by a worker ant]
  2145 | D:4      | Noticed an ogre
  2150 | D:4      | HP: 8/30 [ogre/giant spiked club (22)]
  2152 | D:4      | Killed an ogre
  2152 | D:4      | Reached skill level 6 in Unarmed Combat
  2152 | D:4      | Reached XP level 6. HP: 9/35 MP: 7/7
  3269 | D:2      | Found a hide-covered altar of Uskayaw.
  3311 | D:2      | Killed Natasha
  3505 | D:2      | Found a sacrificial altar of Ru.
  3514 | D:2      | Found a hide-covered altar of Uskayaw.
  3530 | D:2      | Noticed Natasha
  3543 | D:2      | HP: 14/35 [Natasha (4)]
  3548 | D:2      | HP: 14/35 [Natasha (1)]
  3549 | D:2      | Killed Natasha
  3549 | D:2      | Reached skill level 1 in Armour
  3925 | D:2      | Noticed Natasha
  3941 | D:2      | Killed Natasha
  4123 | D:3      | HP: 15/36 [gnoll/flail of venom (8)]
  4131 | D:3      | Reached XP level 7. HP: 23/40 MP: 8/8
  4142 | D:3      | Reached skill level 7 in Unarmed Combat
  4627 | D:3      | Found a snail-covered altar of Cheibriados.
  4632 | D:3      | Became a worshipper of Cheibriados the Contemplative
  4826 | D:4      | Reached skill level 1 in Invocations
  5009 | D:4      | Reached XP level 8. HP: 27/46 MP: 8/10
  5299 | D:4      | Reached * piety under Cheibriados
  5467 | D:4      | Found a runed door.
  5621 | D:4      | Noticed Crazy Yiuf
  5628 | D:4      | Killed Crazy Yiuf
  5751 | D:5      | Entered Level 5 of the Dungeon
  5751 | D:5      | Noticed Grinder
  5841 | D:5      | Killed Grinder
  5841 | D:5      | Reached skill level 8 in Unarmed Combat
  5988 | D:5      | Found Imolegi's Armour Emporium.
  6128 | D:5      | Got a crude tin ring
  6129 | D:5      | Identified the ring "Ycla" {+Inv +Fly Int+5 Dex+4} (You
                  | found it on level 5 of the Dungeon)
  6138 | D:5      | Bought a +2 cloak for 214 gold pieces
  6155 | D:5      | Noticed Duvessa
  6155 | D:5      | Noticed Dowan
  6160 | D:5      | Killed Dowan
  6171 | D:5      | Killed Duvessa
  6277 | D:5      | Reached skill level 1 in Evocations
  6367 | D:5      | Bought a +0 pair of gloves for 58 gold pieces
  6447 | D:5      | Reached XP level 9. HP: 52/52 MP: 12/12
  6554 | D:5      | Noticed Prince Ribbit
  6576 | D:5      | Killed Prince Ribbit
  6576 | D:5      | Reached skill level 9 in Unarmed Combat
  6704 | D:5      | Reached ** piety under Cheibriados
  7025 | D:5      | Found a staircase to the Ecumenical Temple.
  7388 | D:6      | Found a sacrificial altar of Ru.
  7389 | D:6      | Found a glowing golden altar of the Shining One.
  7392 | D:6      | Found a stormy altar of Qazlal.
  7394 | D:6      | Found a shadowy altar of Dithmenos.
  7395 | D:6      | Found a deep blue altar of Sif Muna.
  7468 | D:6      | Reached *** piety under Cheibriados
  7550 | D:6      | HP: 19/53 [centaur/arrow (12)]
  7551 | D:6      | HP: 6/53 [centaur/arrow (13)]
  7556 | D:6      | Reached skill level 5 in Fighting
  7556 | D:6      | Reached skill level 5 in Dodging
  8206 | D:7      | Reached skill level 5 in Armour
  8427 | D:7      | Reached XP level 10. HP: 59/59 MP: 13/13
  8519 | D:7      | Got a pair of distressingly furry boots
  8533 | D:7      | Reached skill level 10 in Unarmed Combat
  8589 | D:7      | HP: 23/59 [orc priest/divine providence (14)]
  8596 | D:7      | HP: 24/59 [orc/short sword (1)]
  8911 | D:8      | Reached **** piety under Cheibriados
  9266 | D:8      | Found a flagged portal.
  9278 | Bailey   | Entered a bailey
  9300 | Bailey   | Noticed an orc warlord
  9312 | Bailey   | Reached ***** piety under Cheibriados
  9503 | Bailey   | Noticed an orc knight
  9516 | Bailey   | Killed an orc knight
  9548 | Bailey   | Found a runed gate.
  9548 | Bailey   | Found a runed gate.
  9548 | Bailey   | Found a runed gate.
  9599 | Bailey   | HP: 23/60 [orc warlord/enchanted war axe (13)]
  9741 | Bailey   | HP: 27/60 [orc warlord/enchanted war axe (28)]
  9747 | Bailey   | HP: 12/60 [orc warlord/enchanted war axe (13)]
  9751 | Bailey   | Mangled by an orc warlord

Skill      XL: |  1  2  3  4  5  6  7  8  9 10 |
---------------+-------------------------------+-----
Unarmed Combat | 1 2 4 6 7 8 9 10 | 10.6
Armour         | 1 2 3 5 |  5.8
Dodging        | 2 3 4 5 6 |  6.0
Fighting       | 3 4 5 |  5.8
Invocations    | 1 2 3 4 |  4.5
Evocations     | 1 3 4 |  4.1
Short Blades   | |  2.1
Throwing       | |  2.0
Stealth        | |  4.0

Action                   |  1- 3 |  4- 6 |  7- 9 | 10-12 || total
-------------------------+-------+-------+-------+-------++-------
Melee: Dagger            |    23 |       |       |       ||    23
       Peck              |    14 |    27 |    65 |    47 ||   153
       Kick              |    20 |    42 |   127 |    86 ||   275
       Unarmed           |    89 |   152 |   282 |   156 ||   679
       Punch             |       |     1 |    14 |    14 ||    29
Throw: Tomahawk          |       |       |       |    13 ||    13
       Throwing net      |       |       |       |     1 ||     1
Invok: Slouch            |       |       |       |     1 ||     1
 Abil: Evoke Invisibilit |       |       |       |     3 ||     3
  Use: Scroll            |     6 |     4 |     5 |     5 ||    20
       Potion            |       |     2 |     1 |     1 ||     4
 Stab: Sleeping          |     2 |       |     3 |     5 ||    10
       Distracted        |       |     2 |     3 |       ||     5
       Invisible         |       |       |       |    10 ||    10
  Eat: Chunk             |     3 |     7 |     8 |     4 ||    22
Armor: Robe              |     2 |       |       |       ||     2
       Ring mail         |    46 |     5 |       |       ||    51
       Scale mail        |       |    48 |   108 |    52 ||   208
       Skin              |       |       |     6 |       ||     6
Dodge: Dodged            |    57 |    56 |   137 |   185 ||   435

Vault maps used:
D:1:      tarquinn_simple_flora_water_e, minivault_27
D:2:      marbit_many_paths, grunt_ministairs_5, nicolae_ru_awakened_eye,
          uniq_natasha
D:3:      cheibriados_altar_1
D:4:      minmay_bent, uniq_crazy_yiuf_cottage
D:5:      minmay_temple_entry_fiery, first_ration, serial_shops,
          nicolae_shop_temple_entry_statues_fountains,
          kennysheep_generic_room_14, uniq_grinder, uniq_duvessa,
          uniq_prince_ribbit1
D:6:      grunt_temple_overflow_open
D:8:      lightli_bailey_entry_fortress
Bailey:   bailey_axe_bossmonster_kennysheep, bailey
